[Event "Prague Festival Open 2022"]
[Site "Prague"]
[Date "2022.06.11"]
[Round "2.2"]
[White "Walek, Petr"]
[Black "Wagner, Dennis"]
[Result "1/2-1/2"]
[ECO "C88"]
[WhiteElo "2248"]
[BlackElo "2586"]
[Annotator "TA"]
[PlyCount "145"]
[EventDate "2022.06.10"]
[EventType "swiss"]
[EventCountry "CZE"]
[SourceTitle "playchess.com"]
[Source "ChessBase"]
[SourceQuality "1"]
[TimeControl "40/5400+30:1800+30"]

1. e4 {[%emt 0:00:03] Marin,M} e5 2. Nf3 Nc6 3. Bb5 a6 4. Ba4 Nf6 5. O-O Be7 6. Re1 b5 7. Bb3 O-O 8. a4 b4 9. d4 d6 10. dxe5 Nxe5 11. Nxe5 {[%emt 0:01:01] C88: Closed Ruy Lopez: Anti-Marshall Systems.} dxe5 12. Qe2 Bb7 13. f3 {[%emt 0:09:26] White is slightly better.} Nh5 {[%emt 0:06:57] [#]} 14. Be3 $146 {[%emt 0:04:23] Inhibits Bc5.} ({Predecessor:} 14. g3 Kh8 15. Be3 f5 16. exf5 Rxf5 17. Nd2 Qd6 18. Bc4 Raf8 19. Rf1 e4 20. f4 {1-0 (35) Nisipeanu,L (2668)-Sokolov,I (2673) Kemer 2007 CBM 121 [Marin,M]}) 14... Nf4 15. Qf1 a5 16. Bc4 {[%emt 0:09:15] Prevents Ba6.} Bd6 17. Nd2 Kh8 18. Nb3 Qe7 19. Rad1 g5 20. g3 Rg8 21. Kh1 $36 {[%emt 0:04:11][%mdl 2048] White has strong initiative.} Ne6 22. Bd5 c6 23. Bc4 Bc8 24. Rd2 Bc7 25. Red1 Rg6 ({Black should try} 25... h5) 26. Qf2 Kg7 27. Bb6 (27. Bxe6 $16 Qxe6 28. Nc5) 27... h5 28. Bxc7 Nxc7 (28... Qxc7 $142 29. Nc5 Qa7 30. Bxe6 Bxe6) 29. Nc5 $16 {[%emt 0:06:17][%cal Od2d7,Bb3c5,Bc5d7,Bd7b6][%mdl 32] Strongly threatening Rd7!} Ne6 30. Nd7 {[%emt 0:01:48] White is much more active. The black rooks are badly placed.} Nf8 {[%emt 0:01:46] [#]} (30... Bxd7 $16 31. Rxd7 Qf6) 31. Nb6 $1 $18 Rb8 32. Rd8 Qc7 (32... c5) 33. Qc5 Nh7 34. Nxc8 Rxc8 35. R8d7 Qb8 36. Rxf7+ Kh6 37. Qe7 Rh8 38. Rd7 Qg8 39. Rf6 Nxf6 40. Bxg8 Nxd7 41. Be6 Rg7 42. Qd6 {[%emt 0:02:40] White threatens Bf5+ and mate.} Nf8 43. Bf5+ Ng6 44. Qxc6 Rd8 45. Qf6 Rf8 46. Qb6 Ra8 47. c4 bxc3 48. bxc3 Raa7 49. h4 gxh4 50. gxh4 (50. Bxg6 Rab7 51. Qf6 (51. Qxa5 Rxg6 52. Qxe5 hxg3 $11) (51. Qe3+ Kxg6 52. Qc5 Rb1+ 53. Kg2 Rb2+ 54. Kh1 Rb1+ 55. Kh2 Rb2+ 56. Kh1 Rb1+ $11) 51... Rxg6 52. Qh8+ (52. Qxh4 Rd6 $11) (52. Qxe5 hxg3 53. Qh8+ Rh7 $11) 52... Rh7 $11) 50... Rab7 51. Qf6 Kh7 52. c4 Rb1+ 53. Kh2 Rb2+ 54. Kh3 Rb3 55. Kg3 Rb1 56. Kf2 Rb2+ 57. Kf1 Rb1+ 58. Kf2 (58. Ke2 $142) 58... Rb2+ 59. Ke3 Rb3+ 60. Ke2 Rb2+ 61. Ke3 Rb3+ {[%emt 0:00:14] [#]} 62. Kd2 $1 Rb2+ 63. Kc3 Rf2 64. c5 Rxf3+ 65. Kc4 {[%emt 0:00:06] Black must now prevent Bxg6+.} Ra3 66. Kb5 {[%emt 0:03:17] Hoping for Qg5.} Rb3+ 67. Ka6 Rb1 68. c6 Rg8 69. Qf7+ Kh8 70. Bxg6 Rxg6 71. Qxg6 $2 (71. Kxa5 $18 Rg7 72. Qxh5+ Kg8 73. Ka6) 71... Rb6+ $1 $11 72. Ka7 {[%emt 0:00:10] Qh6+ would kill now.} Rb7+ $1 73. cxb7 {[%emt 0:01:24] Weighted Error Value: White=0.32/Black=0.46} 1/2-1/2

[Event "Prague Festival Open 2022"]
[Site "Prague"]
[Date "2022.06.11"]
[Round "2.3"]
[White "Huzman, Alexander"]
[Black "Lindbol, Aleksander"]
[Result "1-0"]
[ECO "E05"]
[WhiteElo "2541"]
[BlackElo "2239"]
[Annotator "TA"]
[PlyCount "127"]
[EventDate "2022.06.10"]
[EventType "swiss"]
[EventCountry "CZE"]
[SourceTitle "playchess.com"]
[Source "ChessBase"]
[SourceQuality "1"]
[TimeControl "40/5400+30:1800+30"]

1. c4 e6 2. g3 Nf6 3. Bg2 d5 4. d4 Be7 5. Nf3 dxc4 6. Qa4+ {[%emt 0:01:07] E05: Open Catalan: 5 Nf3 Be7.} c6 7. Qxc4 b5 8. Qc2 {[%emt 0:14:30] White has an edge.} Bb7 9. Nbd2 Nbd7 10. Nb3 O-O 11. O-O Qb6 (11... c5 $5) 12. Be3 Nd5 13. Bg5 f6 (13... Nb4 $14 14. Qb1 f6) 14. Bd2 $16 c5 (14... a5 $142) 15. dxc5 $1 {[%emt 0:11:58] [#]} Bxc5 $146 ({Predecessor:} 15... Nxc5 16. e4 Nxb3 17. Qxb3 Nc7 18. Be3 Bc5 19. Bxc5 Qxc5 20. Rac1 Qb6 21. Nd4 Rfe8 22. Rxc7 Qxc7 23. Nxe6 {1-0 (48) Ngo,T (1995)-Hoang,T (1910) Bac Giang 2017}) 16. Nxc5 Qxc5 17. Qxc5 Nxc5 18. Nd4 Nb6 19. Bxb7 Nxb7 20. Nxe6 Rfc8 21. b3 {[%emt 0:00:29] White is more active.} Nd6 22. Rfd1 Ne4 23. Nd4 (23. Ba5 $18) 23... a6 (23... Nxd2 $16 24. Rxd2 Rc5) 24. Ba5 $18 Nd5 25. Nf5 (25. f3 $1 $18 ) 25... Nec3 $16 26. e4 Nxd1 27. exd5 Nc3 28. d6 {[%emt 0:01:38] Ne7+ is the strong threat.} (28. Ne7+ Kf7 29. Nxc8 Rxc8 $14) 28... Ra7 (28... Rc5 $16) 29. Kg2 $2 (29. Ne7+ Rxe7 30. dxe7 Kf7 $14) (29. Re1 $1 $18 Nd5 30. Rd1) 29... g6 30. Ne7+ Rxe7 31. dxe7 {[%emt 0:00:04][%mdl 4096] Endgame KRB-KRN} Nd5 32. Rd1 Nxe7 33. Rd7 (33. Bd8 $142 Nf5 34. Bxf6) 33... Nc6 (33... Nf5 $142) 34. Bc3 $1 Nb8 35. Rb7 ({But not} 35. Rd3 $6 Kf7 $11) 35... Rxc3 36. Rxb8+ {[%emt 0:00:03] KR-KR} Kg7 37. Rb6 Rc2 38. Rxa6 g5 39. g4 Kg6 40. h3 (40. a3 $142) 40... h6 $2 (40... b4 $16) 41. b4 Rb2 42. a3 Rb3 43. f3 $2 ({White should try} 43. Ra5 $18) 43... Kf7 $2 (43... h5 $1 $14) 44. Kf2 $18 Ke7 45. Ra5 f5 46. Rxb5 ({Not} 46. gxf5 Kf6 47. Ke2 (47. Rxb5 Rxa3 48. Kg3 h5 $16) 47... Rc3 48. Rxb5 Rxa3 49. Rb6+ Kxf5 $16) 46... fxg4 47. hxg4 ({Weaker is} 47. fxg4 Rxa3 48. Rb7+ Kd8 $11) 47... Rxa3 48. Rf5 Rb3 {[%emt 0:00:55] [#]} 49. b5 Ke6 {[%emt 0:00:04] [#]} 50. Ke2 $1 Rb4 $2 (50... Kd7 $16 51. Kd2 Kc8) 51. Kd3 h5 $2 (51... Kd6 52. Kc3 Rb1) 52. Rxg5 hxg4 53. fxg4 {[%emt 0:00:08] Threatens to win with Kc3.} Kf6 $2 (53... Kd6 $18 54. Kc3 Rb1) 54. Kc3 Rb1 55. Rf5+ Ke6 56. Kc4 {[%emt 0:00:40] White wants to mate with Kc5.} Rg1 57. Rg5 Kf6 58. Rd5 {[%emt 0:00:21] White mates.} Rxg4+ 59. Kc5 Ke6 60. b6 Rg1 61. Rd2 Rb1 62. Kc6 Rc1+ 63. Kb7 Ke7 64. Kb8 {[%emt 0:00:06] Weighted Error Value: White=0.21 (precise) /Black=0.58} (64. Ra2 $142 Rb1 65. Ka7 Kf6 66. Ra5 Re1 67. b7 Re7 68. Ka8 Re5 69. Ra4) 1-0

[Event "Prague Festival Open 2022"]
[Site "Prague"]
[Date "2022.06.11"]
[Round "2.4"]
[White "Adarsh Tripathi"]
[Black "Stefansson, Hannes"]
[Result "0-1"]
[ECO "B42"]
[WhiteElo "2179"]
[BlackElo "2534"]
[Annotator "TA"]
[PlyCount "68"]
[EventDate "2022.06.10"]
[EventType "swiss"]
[EventCountry "CZE"]
[SourceTitle "playchess.com"]
[Source "ChessBase"]
[SourceQuality "1"]
[TimeControl "40/5400+30:1800+30"]

1. e4 c5 2. Nf3 e6 3. d4 cxd4 4. Nxd4 a6 5. Bd3 g6 6. O-O Bg7 7. c3 Ne7 8. a4 {[%emt 0:01:26] B42: Sicilian: Kan Variation: 5 Bd3.} Nbc6 {[%emt 0:02:13] [#]} 9. Be3 $146 ({Predecessor:} 9. Nb3 b6 10. Na3 O-O 11. Be3 d5 12. Qe2 Ne5 13. Bc2 Bd7 14. f4 Nc4 15. Nxc4 dxc4 16. Qxc4 {0-1 (41) Pruijssers,R (2561)-Quparadze,G (2476) Chess.com INT 2021}) 9... O-O 10. Be2 {[%emt 0:00:04] White has an edge.} Qc7 11. f4 d6 12. Nxc6 bxc6 13. Bd4 Rb8 14. Bxg7 Kxg7 15. Na3 Qa7+ (15... Rxb2 16. Nc4 Qa7+ 17. Kh1 $14) (15... d5 {is more complex.} 16. b4 Qa7+ 17. Kh1 dxe4 18. Qd6 a5) 16. Kh1 d5 (16... Rxb2 17. Nc4 Rb7 18. Qxd6 $14) 17. exd5 cxd5 18. b4 d4 $1 19. b5 dxc3 20. Qc1 {[%emt 0:05:35] White is on the road to losing.} ({White should play} 20. Qd6 $15) 20... Nd5 $17 21. Bc4 Qc5 $1 {[%emt 0:04:05] Strongly threatening ...axb5.} 22. Rf3 axb5 {[%emt 0:00:40] Black is more active.} 23. Bxd5 (23. axb5 $17 {was worth a try.} Bb7 24. Bxd5 Qxd5 25. Qxc3+ Kg8 26. Qd3) 23... b4 $1 $19 (23... Qxd5 24. Nxb5 Bb7 25. Qxc3+ Kg8 26. Rf2 $17) (23... exd5 24. Rxc3 Qb4 25. Nxb5 $17) (23... bxa4 24. Bc4 $16) 24. Be4 {[%emt 0:05:48] [#]} (24. Bb3 {was the only defense.} Bb7 25. Rg3) 24... f5 $1 ({Stronger than} 24... bxa3 25. Rxc3 (25. Rxa3 Qd4 $17) 25... Qd4 26. Bf3 $17 (26. Rc4 Qb2 $17)) 25. Bc2 Bb7 (25... bxa3 26. Rxa3 Bb7 27. Raxc3 $11) 26. Qe3 (26. Rg3 {keeps fighting.} Rfd8 27. Bb3) 26... Rfc8 {[%emt 0:08:20] Black is clearly winning.} ({And not} 26... Qxe3 27. Rxe3 bxa3 28. Rxc3 $19) 27. Qxc5 (27. Nb5 $142 Bxf3 28. Qxf3) 27... Rxc5 28. Rff1 bxa3 29. Rfb1 Rcc8 {[%emt 0:02:43] White must now prevent ...Be4.} 30. Rxa3 {[%emt 0:00:18] [#]} Be4 $1 31. Bxe4 {[%emt 0:00:05] And now Rxb8 would win.} fxe4 (31... c2 $142 32. Rg1 c1=Q) 32. Rc1 c2 {[%emt 0:00:57] ( -> ...Rb1)} 33. Raa1 {[%emt 0:00:40] Prevents Rb1.} Rb2 {[%emt 0:00:42] aiming for ...Rcb8.} 34. Kg1 Rcb8 {[%emt 0:00:41] Weighted Error Value: White=0.77/Black=0.15 (very precise)} 0-1

[Event "Prague Festival Open 2022"]
[Site "Prague"]
[Date "2022.06.11"]
[Round "2.5"]
[White "Iniyan, P."]
[Black "Knudsen, Simon"]
[Result "1-0"]
[ECO "D85"]
[WhiteElo "2518"]
[BlackElo "2242"]
[Annotator "TA"]
[PlyCount "65"]
[EventDate "2022.06.10"]
[EventType "swiss"]
[EventCountry "CZE"]
[SourceTitle "playchess.com"]
[Source "ChessBase"]
[SourceQuality "1"]
[TimeControl "40/5400+30:1800+30"]

1. d4 Nf6 2. c4 g6 3. Nc3 d5 4. cxd5 Nxd5 5. e4 Nxc3 6. bxc3 Bg7 7. Qa4+ Nd7 8. Nf3 O-O 9. Be2 c5 10. O-O {[%emt 0:00:11] D85: Exchange Grünfeld: Unusual White 7th moves and lines with 7 Nf3.} cxd4 11. cxd4 Nc5 12. dxc5 {[%emt 0:00:11] The position is equal.} Bxa1 13. e5 $1 {[%emt 0:00:08] Threatens to win with Bh6.} f6 $2 (13... Qc7 $11 {and Black is okay.} 14. Qf4 Bc3) 14. Bh6 $18 Bxe5 15. Nxe5 fxe5 16. Rd1 {[%emt 0:00:08] Dancing on a razor blade.} Qe8 {[%emt 0:16:27] [#]} 17. Qb3+ $146 ({Only move:} 17. Bc4+ $1 $18 Kh8 18. c6 (18. Bb5 Qf7 $14)) ({Predecessor:} 17. Bc4+ Kh8 18. Bb5 Qf7 19. Bxf8 Qxf8 20. Qe4 Bf5 21. Qxb7 Rb8 22. Qa6 Qc8 23. c6 {1-0 (39) Moiseenko,A (2703)-Laylo,D (2497) Jakarta 2013}) 17... Rf7 $16 18. Bb5 $2 {[%emt 0:00:25] White is much more active. The black rooks are badly placed. This bishop pair is nice.} (18. Bc4 $1 $16 e6 19. Rd6) 18... Be6 $11 19. Qb2 {[%emt 0:05:31] [#]} ({White should try} 19. Bxe8 $15 Bxb3 20. Bxf7+ Bxf7 21. Rd7) 19... Qb8 $1 $17 20. Re1 Qc7 21. Rxe5 {[%emt 0:02:28] [#]} Bxa2 22. f4 (22. h4 Rd8) 22... Qa5 {[%emt 0:01:47] Strongly threatening ...Rd8.} 23. Bd7 {[%emt 0:03:37] [#]} (23. h3 $17 {was necessary.}) 23... Bd5 $1 $19 24. h4 Qxc5+ 25. Kh2 {[%emt 0:00:05] Hoping for Be6.} Qd6 {[%emt 0:00:28] Against Be6} 26. Bh3 a5 27. Qd2 (27. Qb5 $142 Rd8 28. Qxa5) 27... Bc6 $2 (27... Bc4 $19 28. Rxa5 Rxa5 29. Qxa5 Rxf4 30. Bxf4 Qxf4+ 31. g3 Qf2+ 32. Bg2 b5) 28. Qa2 $16 {[%emt 0:00:56][%mdl 1024] And now Be6 would win. White has strong compensation.} a4 29. Be6 Be8 30. Qa1 $40 {[%emt 0:00:44][%mdl 128] White mounts an attack.} (30. Re4 $16 {aiming for Qb2.} Ra6 31. Bxf7+ Bxf7 32. Qb2) 30... Bd7 $2 {[%emt 0:01:06][%mdl 8192] [#]} 31. Ra5 $3 $18 Qxe6 (31... Qxf4+ 32. Bxf4) 32. Rxa8+ Bc8 33. Qc3 {[%emt 0:00:10] Weighted Error Value: White=0.34/Black=1.00} (33. Qd4 $142 Qf5 34. Qc4 Qxf4+ 35. Bxf4 Kg7 36. Rxc8 Rxf4 37. Qxf4 g5 38. Qe5+ Kg6 39. Rg8+ Kf7 40. Rg7+ Kf8 41. Qxe7#) 1-0

[Event "Prague Festival Open 2022"]
[Site "Prague"]
[Date "2022.06.11"]
[Round "2.6"]
[White "Alsina Leal, Daniel"]
[Black "Weber, Samuel"]
[Result "1-0"]
[ECO "B75"]
[WhiteElo "2508"]
[BlackElo "2263"]
[Annotator "TA"]
[PlyCount "139"]
[EventDate "2022.06.10"]
[EventType "swiss"]
[EventCountry "CZE"]
[SourceTitle "playchess.com"]
[Source "ChessBase"]
[SourceQuality "1"]
[TimeControl "40/5400+30:1800+30"]

1. e4 c5 2. Nf3 d6 3. d4 cxd4 4. Nxd4 Nf6 5. Nc3 g6 6. Be3 Bg7 7. f3 a6 8. Qd2 h5 {[%emt 0:01:01] B75: Sicilian Dragon: Yugoslav Attack, Miscellaneous.} 9. Be2 Nbd7 10. O-O O-O {[%emt 0:02:21] White is slightly better.} 11. Kh1 {[%emt 0:05:18] 0x0.001b6c97a97ddp-1022s more active pieces. The black rooks are badly placed.} Qc7 12. a4 Ne5 13. b3 e6 {[%emt 0:04:24] [#]} 14. f4 $146 (14. Bg5 $5 ) ({Predecessor:} 14. a5 Bd7 15. Na4 Bxa4 16. Rxa4 d5 17. exd5 Nxd5 18. f4 Nxe3 19. Qxe3 Ng4 20. Qe4 Bxd4 21. Rxd4 Qxa5 22. Bxg4 hxg4 23. Qxb7 Rac8 {½-½ (23) Saric,I (2637)-Rezan,S (2438) Sibenik 2012}) 14... Neg4 15. Bxg4 Nxg4 16. Bg1 Bd7 17. h3 Nf6 18. Rf3 Rac8 19. f5 e5 20. Nde2 (20. fxg6 {feels hotter.} exd4 21. Bxd4 fxg6 22. Raf1) 20... Bc6 $1 21. fxg6 fxg6 (21... Nxe4 $15 22. gxf7+ Rxf7 23. Nxe4 Bxe4 24. Rxf7 Qxf7) 22. Qe3 (22. Qd3 $1 $11) 22... d5 (22... b6 {looks sharper.} 23. Rd1 b5 24. axb5 axb5 25. b4 Qd7) 23. exd5 (23. Rxf6 $5 Rxf6 24. exd5 $11) 23... Nxd5 24. Rxf8+ Rxf8 25. Nxd5 Bxd5 {[%emt 0:00:05] A strong pair of Bishops.} 26. c4 Bc6 27. Nc3 Qf7 28. Rd1 {[%emt 0:02:03] Inhibits Rd8.} Qf5 {[%emt 0:07:14] And now ...Qc2 would win.} 29. Nd5 Rf7 {[%emt 0:02:18] Prevents Ne7+.} 30. Bh2 Rd7 31. Qe2 Qe6 32. Qe4 Qf5 33. Qe2 Qe6 34. Bg1 Kh7 35. Qe4 Qf5 36. Qe2 Qe6 (36... b5 $5) 37. Qd2 Bh6 38. Qd3 e4 39. Qd4 e3 40. Nf6+ Qxf6 $1 41. Qxf6 {[%emt 0:30:08] Threatens to win with Rxd7+.} Rxd1 42. Qe7+ Kh8 43. b4 Bxa4 {[%emt 0:00:00] [#]} (43... e2 $1 $11 44. Qxe2 Rd2) 44. Qf6+ (44. Qe4 $1 $16 Kh7 45. Kh2 (45. Qxb7+ Bg7 $14)) 44... Kh7 $11 45. Kh2 Bg7 (45... Rd7 $11 {keeps the balance.}) 46. Qe7 $16 {[%emt 0:00:00] White stays focused until the end.} Bc6 47. Bxe3 Re1 {[%emt 0:01:15] [#]} (47... Rd7 $16 {might work better.} 48. Qg5 Rf7) 48. g4 $1 $18 {[%emt 0:00:00] Hoping for gxh5.} Re2+ 49. Kg3 {[%emt 0:00:00] gxh5 is the strong threat. Really sharp!} hxg4 50. hxg4 ({Less strong is} 50. Kxg4 Kg8 51. b5 (51. Kg5 Rg2+ 52. Kh4 Re2 $16) 51... axb5 $14) 50... Rg2+ (50... Re1 $142 51. Qh4+ Kg8) 51. Kf4 Re2 52. Qh4+ Kg8 53. Qd8+ Kh7 54. Qd3 Re1 55. b5 axb5 56. cxb5 Be8 57. Kf3 Ra1 58. Qe2 Rb1 (58... Ra8 $18 59. Qh2+ Kg8) 59. Qh2+ Kg8 60. Qb8 Rf1+ 61. Kg2 Rf8 62. Qxb7 Bf7 63. b6 Be5 64. Qd7 Re8 65. Bd4 {[%emt 0:00:34] White threatens Bxe5 and mate.} Bxd4 66. Qxd4 {[%emt 0:00:05] White mates.} Re7 67. Qd8+ Re8 68. Qd7 Kf8 69. Kf2 Be6 {[%emt 0:00:13] [#]} 70. Qxe8+ $3 {[%emt 0:00:34][%mdl 512] Weighted Error Value: White=0.13 (very precise) /Black=0.31} 1-0

[Event "Prague Festival Open 2022"]
[Site "Prague"]
[Date "2022.06.11"]
[Round "2.7"]
[White "Docekal, Jan"]
[Black "Santiago, Yago De Moura"]
[Result "0-1"]
[ECO "B14"]
[WhiteElo "2244"]
[BlackElo "2498"]
[Annotator "TA"]
[PlyCount "72"]
[EventDate "2022.06.10"]
[EventType "swiss"]
[EventCountry "CZE"]
[SourceTitle "playchess.com"]
[Source "ChessBase"]
[SourceQuality "1"]
[TimeControl "40/5400+30:1800+30"]

1. e4 c6 2. d4 d5 3. exd5 cxd5 4. c4 Nf6 5. Nc3 e6 6. c5 Be7 7. Nf3 b6 8. b4 O-O 9. Bd3 a5 10. Na4 Nbd7 11. a3 axb4 12. axb4 bxc5 13. bxc5 (13. dxc5 $11 e5 14. Be2) 13... e5 $1 $15 {[%emt 0:01:19] B14: Caro-Kann: Panov-Botvinnik Attack with 5...e6 and 5...g6.} 14. Nxe5 Nxe5 15. dxe5 Ne4 {[%emt 0:01:33] Black has an edge.} 16. O-O $1 Nxc5 (16... Bxc5 17. Qc2 Ba7 18. Bxe4 dxe4 19. Ba3 $11 (19. Qxe4 Ba6 $11)) 17. Bc2 d4 {[%emt 0:04:53][%cal Bd5d4,Bd4d3][%mdl 32] [#] Against Be3. And now ...d3 would win.} 18. Bb2 $146 ({Predecessor:} 18. Ba3 Ne6 19. Qd3 g6 20. Bxe7 Qxe7 21. Qg3 Ng7 22. f4 Bf5 23. Bxf5 Nxf5 24. Qf3 {0-1 (40) Kahl,K (2239)-Winiger,A (2296) Remote email 2013}) 18... Ba6 $36 {[%emt 0:03:44][%mdl 2048] Black is on the roll.} 19. Re1 d3 20. Nxc5 Bxc5 21. Bb3 {[%emt 0:00:20] [#] Strongly threatening e6.} Qb6 (21... d2 $17 22. Re4 Bb7 23. Rxa8 Bxa8) 22. Re4 {[%emt 0:36:56][%mdl 8192] Now White is beyond hope.} (22. e6 $15 Bxf2+ 23. Kh1 Bxe1 24. exf7+ Kh8 25. Qxe1) 22... Rfb8 $19 23. Bd5 Qxb2 24. e6 Ra7 (24... Bb7 $142 25. exf7+ Kf8 26. Re8+ Rxe8 27. fxe8=Q+ Kxe8 28. Qe1+ Qe2 29. Qxe2+ dxe2) 25. exf7+ Kf8 26. Rb1 Qxf2+ ({Stronger than} 26... Qxb1 27. Re8+ Rxe8 28. fxe8=Q+ (28. Qxb1 $2 {too greedy.} Rd8 $19) (28. fxe8=R+ Kxe8 29. Qxb1 Re7 $11) 28... Kxe8 29. Qxb1 $11) (26... Bxf2+ 27. Kh1 Qxb1 28. Re8+ Rxe8 29. fxe8=Q+ Kxe8 30. Qxb1 $11) 27. Kh1 Rd8 {[%emt 0:07:11] Hoping for ...d2.} 28. Qh5 Rxf7 29. Bxf7 {[%emt 0:01:43] [#]} Bb7 $1 {[%emt 0:00:37] Active counter play!} 30. Qg5 Bxe4 {[%emt 0:00:43] A strong pair of Bishops.} 31. Qxd8+ Kxf7 32. Qd7+ Be7 33. Qg4 Qf5 (33... Qe2 $142 34. Qf4+ Ke6 35. Qf1 Qxf1+ 36. Rxf1 d2 37. Rd1 Bg5 38. Kg1 Be3+ 39. Kh1 Kf5 40. h3 Bc2 41. Rxd2 Bxd2 42. g3 Be4+ 43. Kg1 Be3+ 44. Kf1 Bd3+ 45. Kg2 Be2 46. g4+ Kf4 47. g5 Bf3+ 48. Kf1 Kxg5 49. Ke1 Kh4 50. Kf1 Kxh3 51. Ke1 g5 52. Kf1 g4 53. Ke1 g3 54. Kf1 g2+ 55. Ke1 g1=Q#) 34. Qd1 h5 {[%emt 0:01:09] Black mates.} 35. Qg1 Bc5 36. Qe1 d2 {[%emt 0:00:15] Weighted Error Value: White=1.50/Black=0.66} 0-1

[Event "Prague Festival Open 2022"]
[Site "Prague"]
[Date "2022.06.11"]
[Round "2.8"]
[White "Sankalp Gupta"]
[Black "Ludvik, Tomas"]
[Result "1-0"]
[ECO "C08"]
[WhiteElo "2505"]
[BlackElo "2233"]
[Annotator "TA"]
[PlyCount "55"]
[EventDate "2022.06.10"]
[EventType "swiss"]
[EventCountry "CZE"]
[SourceTitle "playchess.com"]
[Source "ChessBase"]
[SourceQuality "1"]
[TimeControl "40/5400+30:1800+30"]

1. e4 e6 2. d4 d5 3. Nd2 a6 4. Bd3 c5 5. dxc5 Bxc5 6. exd5 exd5 7. Nb3 Bb6 8. Nf3 Qe7+ 9. Qe2 {[%emt 0:02:19] 9.Be2 is not played anymore.} Nc6 {[%emt 0:02:07] [#] C08: French Tarrasch: 3...c5 4 exd5 exd5 sidelines.} 10. Bf4 $146 ({Predecessor:} 10. Qxe7+ Ngxe7 11. c3 Bg4 12. Be2 O-O 13. h3 Bd7 14. Bf4 Ng6 15. Be3 Bxe3 16. fxe3 {1-0 (56) Sanal,V (2557)-Shipov,S (2541) Chess.com INT 2020}) 10... Qxe2+ (10... Bg4 {with more complications.} 11. O-O Qxe2 12. Bxe2 Nf6) 11. Bxe2 Bg4 {[%emt 0:02:50] The position is equal.} 12. h3 Bh5 13. O-O-O O-O-O 14. g4 Bg6 15. Nfd4 Nxd4 16. Nxd4 Nf6 {[%emt 0:00:48] [#]} (16... h5 $11 {remains equal.}) 17. g5 $1 $16 Nd7 18. h4 $36 {[%emt 0:00:14][%cal Bh3h4,Bh4h5,Bh5h6,Bh6g7][%mdl 2080] aiming for Bg4. White is in control. White is more active.} Rhe8 {[%emt 0:06:02] [#] Black cannot hold the game after this.} (18... Rde8 $16 19. Bf3 Be4) 19. Rh3 $1 $18 {[%emt 0:03:53][%cal Bh1h3,Bh3c3,Bc3e3][%mdl 32] Hoping for Rc3+.} Ne5 (19... Bxd4 $142 20. Rxd4 b5) 20. Rc3+ Kb8 21. h5 Bxd4 (21... Be4 {is a better defense.} 22. f3 Bg6 23. hxg6 hxg6) 22. Rxd4 {[%emt 0:00:16] White is clearly winning.} Bf5 23. Re3 f6 24. h6 Ka7 25. hxg7 Nc6 {[%emt 0:02:37] [#]} 26. Rxd5 $3 fxg5 27. Rxe8 Rxe8 28. Be3+ {[%emt 0:00:14] Weighted Error Value: White=0.02 (flawless) /Black=0.57} 1-0

[Event "Prague Festival Open 2022"]
[Site "Prague"]
[Date "2022.06.11"]
[Round "2.9"]
[White "Frederic, Clement"]
[Black "Stremavicius, Titas"]
[Result "0-1"]
[ECO "B30"]
[WhiteElo "2216"]
[BlackElo "2508"]
[Annotator "TA"]
[PlyCount "42"]
[EventDate "2022.06.10"]
[EventType "swiss"]
[EventCountry "CZE"]
[SourceTitle "playchess.com"]
[Source "ChessBase"]
[SourceQuality "1"]
[TimeControl "40/5400+30:1800+30"]

1. e4 c5 2. Nf3 Nc6 3. Bb5 e5 4. O-O Bd6 5. c3 a6 6. Ba4 {[%emt 0:00:30] B30: Sicilian: 2...Nc6 3 Bb5, lines without ...g6.} b5 7. Bc2 {[%emt 0:00:04] 7.Bc2 scores better than 7.Bb3.} Nge7 8. d4 {[%emt 0:00:24] White has an edge.} (8. d3 {with more complications.} Bc7 9. d4 cxd4 10. cxd4 exd4 11. Nxd4 O-O 12. Nc3) 8... cxd4 9. cxd4 (9. a4 {feels hotter.} b4 10. cxd4 Nxd4 11. Nxd4 exd4 12. Nd2) 9... Nxd4 10. Nxd4 exd4 11. Qxd4 Qc7 {[%emt 0:00:09][%csl LRc2,LRh2] [#]} 12. Qxg7 $146 (12. h3 $1 $11) ({Predecessor:} 12. Qd3 Bxh2+ 13. Kh1 Bf4 14. Nc3 Bxc1 15. Raxc1 Qe5 16. f4 Qh5+ 17. Kg1 O-O 18. Rf3 {1-0 (29) Jones,G (2702)-Vidit,S (2707) Hengshui 2019}) 12... Bxh2+ $17 ({But not} 12... Rg8 $6 13. Qc3 $11) 13. Kh1 {[%emt 0:00:03] [#]} Be5 $1 14. Qg5 Rg8 15. Qd2 {[%emt 0:00:25] Now White is beyond hope.} (15. Qh5 $17) 15... Bb7 $19 16. Nc3 (16. f4 $142 Bd4 17. Nc3) 16... O-O-O $40 {[%emt 0:17:57][%mdl 128] ...Rg4 is the strong threat. Black has strong attack.} 17. Nd5 $2 (17. Qe2 f5 18. f3) 17... Nxd5 {[%emt 0:00:31] Black is clearly winning.} 18. exd5 Rg4 {[%emt 0:00:19] ( -> ...Rh4+)} 19. Bf5 (19. Re1 $142 Rdg8 20. Be4 (20. g3 $2 Bxg3 21. Re4 Bxf2 $19) 20... Rh4+ 21. Kg1 Bh2+ 22. Kf1 Qc4+ 23. Qe2 Rxe4 24. Qxc4+ Rxc4 25. g3) 19... Qc4 (19... Rh4+ $142 20. Bh3 Rg8) 20. Qd3 Qxd3 21. Bxd3 Bxd5 {[%emt 0:00:19] Weighted Error Value: White=1.30/Black=0.61} 0-1